 Dungeon Sprint DCSS version 0.19.1 (webtiles) character file.

1232 KingBobo974 the Cleaver (level 8, -7/64 HPs)
             Began as a Minotaur Berserker on Dec 10, 2016.
             Was an Elder of Trog.
             Mangled by a centaur warrior (12 damage)
             ... in the Dungeon (Sprint I: "Red Sonja").
             The game lasted 00:04:10 (276 turns).

KingBobo974 the Cleaver (Minotaur Berserker)         Turns: 276, Time: 00:04:11

Health: -7/64      AC:  7    Str: 24    XL:     8   Next: 24%
Magic:  7/7        EV: 16    Int:  4    God:    Trog [****..]
Gold:   165        SH:  0    Dex: 10    Spells: 0 memorised, 7 levels left

rFire  . . .     SeeInvis .     a - +0 hand axe
rCold  . . .     Gourm    .     l - +0 ring mail (curse)
rNeg   . . .     Faith    .     (no shield)
rPois  .         Spirit   .     (helmet restricted)
rElec  .         Reflect  .     (no cloak)
rCorr  .         Harm     .     (no gloves)
MR     .....     NoTele   +     (no boots)
Stlth  ..........               (no amulet)
                                (no ring)
                                (no ring)

@: exhausted, slowed, very slow
A: retaliatory headbutt, horns 2
a: Berserk, Trog's Hand, Brothers in Arms, Burn Spellbooks, Renounce Religion


You were in the Dungeon.
You worshipped Trog.
Trog was greatly pleased with you.
You were not hungry.

You visited 1 branch You collected 405 gold pieces.
You spent 240 gold pieces at shops.

Inventory:

Hand Weapons
 a - a +0 hand axe (weapon)
Armour
 b - a +0 animal skin
 l - a cursed +0 ring mail (worn)
Wands
 j - a wand of digging (15/24)
Scrolls
 i - a scroll of blinking
 k - 3 scrolls of recharging {unknown}
Potions
 d - a potion of curing
 e - a potion of heal wounds
 f - a potion of haste
 g - 2 potions of magic
 h - a potion of berserk rage


   Skills:
 * Level 3.6 Fighting
 * Level 12.7 Axes
 * Level 12.5 Armour
 * Level 11.6 Dodging


You had 7 spell levels left.
You didn't know any spells.

Dungeon Overview and Level Annotations

Branches:
Dungeon (1/1)

Altars:
Cheibriados
Dithmenos
Elyvilon
Fedhas
Gozag
Hepliaklqana
Kikubaaqudgha
Makhleb
Nemelex Xobeh
Okawaru
Qazlal
Ru
Sif Muna
Trog
Uskayaw
Vehumet
Xom
Yredelemnul
Zin
The Shining One
Jiyva
Lugonu

Shops:
D *


Innate Abilities, Weirdness & Mutations

You reflexively headbutt those who attack you in melee.
You have a pair of horns on your head.


Message History

* * * LOW HITPOINT WARNING * * *
The centaur warrior hits you.
* * * LOW HITPOINT WARNING * * *
You are too injured to fight recklessly!
You are too injured to fight recklessly!
Unknown command.
You completely miss the centaur warrior.
You headbutt the centaur warrior, but do no damage.
The centaur warrior is almost dead.
You hit the centaur warrior but do no damage.
The centaur warrior hits you but does no damage.
The centaur warrior barely misses you. You furiously retaliate!
You headbutt the centaur warrior! The centaur warrior hits you.
* * * LOW HITPOINT WARNING * * *
You hit the centaur warrior but do no damage.
Your headbutt misses the centaur warrior.
The centaur warrior is almost dead.
You hit the centaur warrior but do no damage.
The centaur warrior hits you!
You die...

#######################
#..').#..'..#__#..')..#
'†.#..').#..'..'..#)..#
#####'#####'#__####...+
####..#...#.####§§#####
#__####..##(#(§§§c#
#_____##'#..'≈§§@§+
#_.∩...'..._#§§§§c#
#_..__##_.#+##+####
#_____###+# #######


You could see 2 centaur warriors.

Vanquished Creatures
  2 kobold demonologists (D)
  A slime creature (D)
  Sigmund (D)
  A yak (D)
  A floating eye (D)
  An ogre (D)
  A jelly (D)
  Ijyb (D)
9 creatures vanquished.

Notes
Turn   | Place    | Note
-------+----------+-------------------------------------------
     0 | D        | KingBobo974 the Minotaur Berserker began the quest for the Orb.
     0 | D        | Reached XP level 1. HP: 19/19 MP: 0/0
     2 | D        | Noticed Ijyb
     9 | D        | Killed Ijyb
     9 | D        | Reached skill level 5 in Axes
     9 | D        | Reached XP level 2. HP: 21/26 MP: 1/1
    14 | D        | Noticed an ogre
    19 | D        | Killed an ogre
    19 | D        | Reached XP level 3. HP: 31/31 MP: 2/2
    19 | D        | Reached XP level 4. HP: 39/39 MP: 3/3
    72 | D        | Noticed Sigmund
    78 | D        | Killed Sigmund
    78 | D        | Reached ** piety under Trog
    78 | D        | Reached XP level 5. HP: 38/45 MP: 4/4
    94 | D        | Found a deep blue altar of Sif Muna.
    96 | D        | Found a radiant altar of Vehumet.
    99 | D        | Reached XP level 6. HP: 44/51 MP: 5/5
   124 | D        | Found Ehustel's Assorted Antiques.
   124 | D        | Found an ancient bone altar of Kikubaaqudgha.
   124 | D        | Found a hazy altar of Hepliaklqana.
   124 | D        | Found a stormy altar of Qazlal.
   124 | D        | Found a hide-covered altar of Uskayaw.
   124 | D        | Found a blossoming altar of Fedhas.
   124 | D        | Found a bloodstained altar of Trog.
   124 | D        | Found an iron altar of Okawaru.
   124 | D        | Found a basalt altar of Yredelemnul.
   124 | D        | Found a glowing golden altar of the Shining One.
   124 | D        | Found a snail-covered altar of Cheibriados.
   124 | D        | Found a sacrificial altar of Ru.
   124 | D        | Found a glowing silver altar of Zin.
   124 | D        | Found a shadowy altar of Dithmenos.
   124 | D        | Found a white marble altar of Elyvilon.
   124 | D        | Noticed a yak
   130 | D        | Killed a yak
   130 | D        | Reached skill level 10 in Axes
   130 | D        | Reached skill level 10 in Armour
   131 | D        | Found an opulent altar of Gozag.
   132 | D        | Found a sparkling altar of Nemelex Xobeh.
   136 | D        | Bought a glowing ring mail for 240 gold pieces
   160 | D        | Found a burning altar of Makhleb.
   160 | D        | Found a viscous altar of Jiyva.
   160 | D        | Found a shimmering altar of Xom.
   160 | D        | Found a corrupted altar of Lugonu.
   160 | D        | Noticed a slime creature
   167 | D        | Killed a slime creature
   167 | D        | Reached *** piety under Trog
   167 | D        | Reached skill level 10 in Dodging
   167 | D        | Reached XP level 7. HP: 57/57 MP: 6/6
   198 | D        | Noticed a kobold demonologist
   199 | D        | Noticed a kobold demonologist
   210 | D        | Killed a kobold demonologist
   214 | D        | Killed a kobold demonologist
   214 | D        | Reached **** piety under Trog
   214 | D        | Reached XP level 8. HP: 64/64 MP: 7/7
   227 | D        | Noticed a centaur warrior
   229 | D        | Noticed a centaur warrior
   276 | D        | Mangled by a centaur warrior

Skill      XL: |  1  2  3  4  5  6  7 |
---------------+----------------------+-----
Axes           | 5 7 9 11 12 | 12.7
Armour         | 4 6 8 9 11 12 | 12.5
Dodging        | 4 6 8 10 11 | 11.6
Fighting       | |  3.6

Action                   |  1- 3 |  4- 6 |  7- 9 || total
-------------------------+-------+-------+-------++-------
Melee: Hand axe          |    10 |    19 |    23 ||    52
       Headbutt          |     2 |     5 |     7 ||    14
Invok: Berserk           |     1 |     1 |     2 ||     4
       Trog's Hand       |       |       |     1 ||     1
  Eat: Bread ration      |       |       |     1 ||     1
Armor: Animal skin       |     2 |     1 |       ||     3
       Ring mail         |       |     1 |    12 ||    13
Dodge: Dodged            |     6 |     8 |    16 ||    30
